 Dungeon Crawl Stone Soup version 0.26-a0-1002-g7355149c4d (webtiles) character file.

Game seed: 3874446968651068257

14 pablito the Charlatan (level 2, -2/21 HPs)
             Began as a Demonspawn Artificer on Dec 6, 2020.
             Slain by a gnoll (7 damage)
             ... on level 1 of the Dungeon on Dec 7, 2020.
             The game lasted 00:06:11 (968 turns).

pablito the Charlatan (Demonspawn Artificer)         Turns: 968, Time: 00:06:11

Health: -2/21      AC:  5    Str: 12    XL:     2   Next: 27%
Magic:  2/2        EV: 11    Int: 12    God:
Gold:   44         SH:  0    Dex: 13    Spells: 1/1 levels left

rFire    . . .     SeeInvis .   a - +0 club
rCold    . . .     Faith    .   (no shield)
rNeg     . . .     Spirit   .   b - +0 leather armour
rPois    .         Reflect  .   (no helmet)
rElec    .         Harm     .   (no cloak)
rCorr    .         Rampage  .   (no gloves)
Will     .....                  (no boots)
Stlth    ++........             (no amulet)
HPRegen  0.07/turn              (no ring)
MPRegen  0.08/turn              (no ring)

@: no status effects
A: iridescent scales 1
a: no special abilities


You were on level 1 of the Dungeon.
You visited 1 branch of the dungeon, and saw 2 of its levels.

You collected 44 gold pieces.

Inventory:

Hand Weapons
 a - a +0 club (weapon)
Armour
 b - a +0 leather armour (worn)
 i - a +0 cloak
Wands
 c - a wand of flame (15) (quivered)
 d - a wand of enslavement (13)
 e - a wand of random effects (15)
Scrolls
 f - 2 scrolls of identify {unknown}
 k - a scroll of enchant weapon {unknown}
Potions
 g - a potion of mutation {unknown}
 h - a potion of flight {unknown}
 j - a potion of lignification {unknown}


   Skills:
 - Level 1.0 Fighting
 + Level 0.1 Maces & Flails
 - Level 1.7 Armour
 - Level 0.8 Dodging
 - Level 1.6 Stealth
 + Level 3.3 Evocations


You had one spell level left.
You didn't know any spells.
Your spell library was empty.

Dungeon Overview and Level Annotations

Branches:
Dungeon (2/15)

Altars:


Innate Abilities, Weirdness & Mutations

You are partially covered in iridescent scales. (AC +2)


Message History

The throwing net barely misses you. The gnoll barely misses you.
You closely miss the gnoll. The gnoll hits you.
The gnoll hits you with a +0 club!
You are too injured to fight recklessly!
The gnoll barely misses you. The gnoll closely misses you. x2
You climb upwards.
There is a stone staircase leading down here.
Evoke which item? (* to show all) (? for menu, Esc to quit)
Aiming: Enslavement
Press: ? - help, Shift-Dir - straight line, f - gnoll
Aim: a gnoll (chance to defeat WL: 64%)
The gnoll struggles to resist.
The gnoll hits you.
* * * LOW HITPOINT WARNING * * *
The gnoll completely misses you. x2
Evoke which item? (* to show all) (? for menu, Esc to quit)
Aiming: Enslavement
Press: ? - help, Shift-Dir - straight line, f - gnoll, p - gnoll
Aim: a gnoll, wielding a +0 club (chance to defeat WL: 64%)
The gnoll is charmed.
The gnoll closely misses you. The gnoll hits you!
You die...

######## #.# #..##.## .......#
#####.######..##.## ######.#
#..............#... # #.#
#.###.######....... ######.# #.#
#.# ###.#... #......# ##.###.#
#....# #..#...# ##...##.# #..#.#
#......######....g#.# #..#.#
#..#............@g..# #.....
#.........###...g.### ###.#.#
#..##..##.####...## #......
.............)#.## #......
#..##.###.###.#.#### #......
#..##.###..........# #......
#..##...........##.# #......
#...#########.####.########......
##..# #.# #...............


You could see 2 gnolls and a friendly gnoll (charmed).

Vanquished Creatures
  A leopard gecko (D:1)
  A ball python (D:1)
  2 bats (D:1)
  2 goblins (D:1)
  2 hobgoblins (D:1)
  A kobold (D:1)
  3 rats (D:1)
12 creatures vanquished.

Notes
Turn   | Place    | Note
-------+----------+-------------------------------------------
     0 | D:1      | pablito the Demonspawn Artificer began the quest for the
                  | Orb.
     0 | D:1      | Reached XP level 1. HP: 15/15 MP: 1/1
    52 | D:1      | Reached skill level 1 in Stealth
   383 | D:1      | Gained mutation: You are partially covered in iridescent
                  | scales. (AC +2) [demonic ancestry]
   383 | D:1      | Reached XP level 2. HP: 13/21 MP: 2/2
   968 | D:1      | Slain by a gnoll

Illustrated notes

Levels and vault maps discovered:
D:1:      lightli_iron_boxes, layout_loops_ring, due_unseen_surprise
D:2:      layout_rooms, grunt_ministairs_9, minmay_between

Skill      XL: |  1 |
---------------+----+-----
Stealth        | 1 |  1.6
Fighting       | |  1.0
Maces & Flails | |  0.1
Armour         | |  1.7
Dodging        | |  0.8
Evocations     | |  3.3

Action                   || total
-------------------------++-------
Melee: Club              ||    46
Evoke: Wand              ||     2
 Stab: Sleeping          ||     2
Armor: Leather armour    ||    19
Dodge: Dodged            ||    41

Table legend: (Time is in decaauts)
 A = Elapsed time spent in this place.
 B = Non-inter-level travel time spent in this place.
 C = Inter-level travel time spent in this place.
 D = Time resting spent in this place.
 E = Time spent auto-exploring this place.
 F = Levels seen in this place.
 G = Mean time per level.
                   A        B        C        D        E       F      G
               +--------+--------+--------+--------+--------+-----+--------+
         Total |    982 |    952 |     30 |      0 |    824 |   2 |  491.0 |
       Dungeon |    982 |    952 |     30 |      0 |    824 |   2 |  491.0 |
               +--------+--------+--------+--------+--------+-----+--------+

Top non-repeatable levels by time:
     D:1: 977 daAuts
     D:2: 4 daAuts
